Unix NetHack Version 5.0.0-0 post-release - last build May 10 2026 23:12:36 (d1fa5d53e341ca933230fdaa984d921c805b60aa,branch:main).

Game began 2026-05-11 15:09:48, ended 2026-05-11 15:42:17.

Ackbladder, neutral male human Priest

         -------------
         |...........|
         |...........-                     -----------          -------
         |...........|#                    |..........##########......|
         ----.|-----..###                 #...[..[...|          |.....|
            ###       ##         #     #[[#---------.-         #......|
          ###          #          #  ###            #          #|.....|
          #            ##      ########           ###          #---.---
          #             ##    ##    ` #           #           ##   #
          #              #    #     ###        ####       #####    #
          #              ######     # #        #          #        ###
   -------.---           #--------###  *       #       ####          ###
   |.........|           #|......|#  #################`#########   ----|--
   |B........|     ######`|......)####    #---|-------##       #   |..[<(|
   |.........|   ###     #|......|        #|..u.q....|#############......|
   |.{........####       %|......|        #|....e@...| #           |.....|
   |.........|           #-*.....|        #|.........-##           |.....|
   |.........|            |......-#########|.......>.|             -------
   -----------            --------         -----------

Ackbladder the Adept         St:12 Dx:11 Co:16 In:7 Wi:18 Ch:13  Neutral
Dlvl:6  $:232 HP:0(59) Pw:31(113) AC:2  Xp:7 T:6741  Burdened

Latest messages:
 You miss the giant beetle.
 The giant beetle misses!
 You kill the giant beetle!
 The golden haze around you becomes less dense.
 You see here a giant beetle corpse.
 The golden haze around you becomes less dense.
 The golden haze around you disappears.
 You are in full health.
 You stop searching.
 You see here a giant beetle corpse.
 The centipede bites!
 You miss the centipede.
 You hit the centipede!
 You kill the centipede!
 You see here a giant beetle corpse.
 You fail to cast the spell correctly.
 You hit the floating eye!
 You are frozen by the floating eye's gaze!
 The rothe hits!
 The rothe bites!
 The rothe just misses!
 The rothe hits!
 The rothe bites!
 The rothe bites again!
 The rothe hits!
 The rothe bites!
 The rothe bites again!
 The rothe hits!
 The rothe bites!
 The rothe bites again!
 The rothe hits!
 The rothe bites!
 The rothe bites again!
 The rothe hits!
 The rothe bites!
 The rothe bites again!
 The rothe hits!
 The rothe bites!
 The rothe bites again!
 The rothe hits!
 The rothe bites!
 The rothe bites again!
 The rothe hits!
 The rothe bites!
 The rothe bites again!
 The rothe misses!
 The rothe bites!
 You die...
 Do you want your possessions identified? [ynq] (y) y
 Do you want to see your attributes? [ynq] (y) q

Inventory:
 Coins    ('$')
  $ - 232 gold pieces
 Weapons  (')')
  U - a +0 arrow
  J - 8 +0 crossbow bolts
  i - 5 blessed +2 darts
  Y - 7 +0 shuriken (at the ready)
  E - 2 +0 daggers
  x - a +0 dwarvish spear
  R - the +1 Demonbane (weapon in right hand)
  a - a blessed +2 mace
 Armor    ('[')
  S - a blessed +1 orcish helm (being worn)
  V - a +0 orcish helm
  G - a +0 pair of iron shoes
  c - a +0 small shield (being worn)
  A - a +0 dwarvish cloak
  H - a +0 dwarvish cloak
  b - a +0 robe (being worn)
  v - a +0 studded leather armor (being worn)
 Comestibles  ('%')
  n - 2 slime molds
  e - a clove of garlic
  Q - a cream pie
  q - 2 lembas wafers
  f - 2 sprigs of wolfsbane
 Scrolls  ('?')
  t - a scroll of enchant armor
  w - 3 scrolls of gold detection
  I - 2 scrolls of identify
  B - 2 blessed scrolls of teleportation
  j - a cursed scroll of teleportation
 Spellbooks  ('+')
  h - a spellbook of healing
  s - a blessed spellbook of light
  X - a blessed spellbook of magic missile
  g - a spellbook of protection
 Potions  ('!')
  W - 2 potions of extra healing
  L - a potion of gain energy
  T - a cursed potion of hallucination
  l - a potion of healing
  K - a cursed potion of monster detection
  Z - a potion of speed
  d - a potion of holy water
 Rings    ('=')
  y - a ring of cold resistance
  p - a cursed ring of hunger
  C - a ring of invisibility
  P - a ring of stealth
 Wands    ('/')
  m - a wand of digging (0:4)
  M - a wand of fire (0:4)
  k - a wand of undead turning (0:5)
 Tools    ('(')
  r - a leash
  D - a leash
  O - a leash
  N - a mirror
  F - a skeleton key
  u - a tin whistle
 Gems/Stones  ('*')
  o - a worthless piece of red glass
  z - a worthless piece of violet glass

Ackbladder the Priest's attributes:

Background:
 You were an Adept, a level 7 human Priest.
 You were neutral, on a mission for Hermes
 who was opposed by Athena (lawful) and Poseidon (chaotic).
 You were right-handed.
 You were in the Dungeons of Doom, on level 6.
 You entered the dungeon 6741 turns ago.
 You had 1041 experience points, 239 more were needed to attain level 8.

Basics:
 You had 0 out of 59 hit points.
 You had 31 out of 113 energy points (spell power).
 Your armor class was 2.
 Your wallet contained 232 zorkmids.
 Autopickup was off.

Final Characteristics:
 Your strength was 12 (limit:18/100).
 Your dexterity was 11 (limit:18).
 Your constitution was 16 (limit:18).
 Your intelligence was 7 (limit:18).
 Your wisdom was 18 (limit:18).
 Your charisma was 13 (limit:18).

Final Status:
 You weren't hungry.
 You were burdened; movement was slightly slowed.
 You were wielding a mace.
 You had expert skill with mace.

Final Attributes:
 You were piously aligned.
 You were telepathic.
 You were guarded.
 Your spell casting was enhanced by wearing a robe.
 You are dead.

Miscellaneous:
 You didn't encounter any bones levels.
 Total elapsed playing time was 32 minutes and 28 seconds.

Major events:
 Turn
    1: Ackbladder the neutral human Priest entered the dungeon
 1038: attained the rank of Acolyte (level 3)
 2436: entered the Gnomish Mines
 2851: attained the rank of Adept (level 6)
 3743: was bestowed with Demonbane by Hermes
 6741: killed by a rothe, while frozen by a floating eye's gaze

Spells:
 Name                 Level Category     Fail Retention
 protection             1   clerical       0%   61%-70%
 healing                1   healing        0%   51%-75%
 light                  1   clerical       0%   61%-70%
 magic missile          2   attack        35%  76%-100%

Skills:
 Fighting Skills
   bare handed combat [Unskilled]
 Weapon Skills
   club               [Unskilled]
   mace               [Expert]
   morning star       [Unskilled]
   flail              [Unskilled]
   hammer             [Unskilled]
   quarterstaff       [Unskilled]
   polearms           [Unskilled]
   spear              [Unskilled]
   trident            [Unskilled]
   lance              [Unskilled]
   bow                [Unskilled]
   sling              [Unskilled]
   crossbow           [Unskilled]
   dart               [Unskilled]
   shuriken           [Unskilled]
   boomerang          [Unskilled]
   unicorn horn       [Unskilled]
 Spellcasting Skills
   healing spells     [Unskilled]
   divination spells  [Unskilled]
   clerical spells    [Basic]

Voluntary challenges:
 Character rerolling was not enabled.
 You never genocided any monsters.
 You never polymorphed an object.
 You never changed form.
 You used no wishes.
Achievements:
 You attained the rank of Acolyte.
 You entered a shop.
 You entered the Gnomish Mines.
 You attained the rank of Adept.

 The Dungeons of Doom: levels 1 to 6
    Level 1:
       An altar to Hermes, a fountain.
    Level 2:
    Level 3:
       A general store.
    Level 4:
       Stairs down to The Gnomish Mines.
    Level 5:
       An altar.
    Level 6: <- You were here.
       A fountain.
       Final resting place for
          you, killed by a rothe, while frozen by a floating eye's gaze.
 The Gnomish Mines:
    Level 5:


Vanquished creatures:
  a giant beetle
  a leprechaun
  a dust vortex
  4 apes
  a rope golem
  a wood nymph
  a mountain nymph
  5 Mordor orcs
 an orc shaman
  2 rock piercers
  2 rock moles
  2 fog clouds
  2 yellow lights
  a shrieker
  a violet fungus
  2 gnome leaders
  a ghoul
  a little dog
  2 floating eyes
  3 dwarves
  a homunculus
  a kobold leader
  2 kobold shamans
  7 hill orcs
  a rothe
  a centipede
  2 giant bats
 an orc zombie
  3 iguanas
  2 acid blobs
  6 coyotes
  a gas spore
  a hobbit
  9 manes
  2 large kobolds
  2 hobgoblins
  5 giant rats
  3 cave spiders
  2 brown molds
  2 green molds
  a red mold
  8 gnomes
  a gnome zombie
  5 geckos
  8 jackals
  3 kobolds
  3 goblins
  3 sewer rats
  2 grid bugs
  4 lichens
 10 newts
137 creatures vanquished.

No species were genocided or became extinct.

Game over:
                       ----------
                      /          \
                     /    REST    \
                    /      IN      \
                   /     PEACE      \
                  /                  \
                  |    Ackbladder    |
                  |      232 Au      |
                  |   killed by a    |
                  |      rothe       |
                  |                  |
                  |                  |
                  |       2026       |
                 *|     *  *  *      | *
        _________)/\\_//(\/(/\)/\//\/|_)_______

Goodbye Ackbladder the Priest...

You died in The Dungeons of Doom on dungeon level 6 with 4653 points,
and 232 pieces of gold, after 6741 moves.
You were level 7 with a maximum of 59 hit points when you died.

